[Event "Titled Tuesday Blitz September 13 Early 2022"]
[White "Vidit, Santosh Gujrathi"]
[Black "Pap, Gyula"]
[WhiteFideId "5029465"]
[BlackFideId "725323"]
[WhiteElo "2654"]
[BlackElo "2519"]
[Result "1-0"]
[Round "07"]
[TimeControl "180+1"]
[Date "2022.09.13"]
[WhiteClock "0:00:04"]
[BlackClock "0:00:02"]

1. Nf3 d5 2. d4 Nf6 3. Bf4 c5 4. e3 e6 5. c3 Bd6 6. Nbd2 O-O 7. Bd3 Qc7 8. Bxd6 Qxd6 9. Ne5 b6 10. Qe2 a5 11. h4 Ba6 12. Bxa6 Nxa6 13. h5 h6 14. a4 Nb8 15. f4 Nfd7 16. O-O Nc6 17. Qb5 Rfc8 18. Rf3 Rc7 19. Qe2 Ne7 20. g4 f6 21. Nxd7 Qxd7 22. Rf2 Rb8 23. Kh2 Nc8 24. Rg1 Nd6 25. g5 fxg5 26. fxg5 hxg5 27. Rxg5 Rf8 28. Rxf8+ Kxf8 29. Nf3 Nf7 30. Rg6 Qxa4 31. Rxe6 Re7 32. Rxb6 Qe8 33. Nh4 Rxe3 34. Ng6+ Kg8 35. Qg4 Re2+ 36. Kg3 Qe3+ 37. Qf3 Qg5+ 38. Kh3 Re3 39. Rb8+ Kh7 40. Nf8+ Kh6 41. Rb6+ g6 42. Rxg6+ Qxg6 43. Qxe3+ Ng5+ 44. Kg2 Qc2+ 45. Kg3 Kxh5 46. Ne6 Ne4+ 47. Kf4 Qh2+ 48. Kf5 Qh3+ 49. Qxh3# 1-0


[Site "https://www.chess.com"]

[Event "Titled Tuesday Blitz September 13 Early 2022"]
[White "Vogel, Roven"]
[Black "Filgueira, Hernan"]
[WhiteFideId "12908088"]
[BlackFideId "101770"]
[WhiteElo "2501"]
[BlackElo "2363"]
[Result "1-0"]
[Round "07"]
[TimeControl "180+1"]
[Date "2022.09.13"]
[WhiteClock "0:00:12"]
[BlackClock "0:00:05"]

1. d4 d6 2. Nf3 Bg4 3. e4 Nf6 4. Nbd2 Nbd7 5. h3 Bxf3 6. Qxf3 g6 7. Bd3 c6 8. Qe2 e5 9. Nc4 Qc7 10. dxe5 dxe5 11. O-O Bg7 12. Be3 O-O 13. a4 a5 14. Qd2 Rfe8 15. Qc3 Bf8 16. Nd2 Bb4 17. Qc4 Nb6 18. Qb3 Nbd7 19. c3 Bc5 20. Bg5 Kg7 21. Bc4 Re7 22. Rfe1 h6 23. Bh4 Ba7 24. Qc2 g5 25. Bg3 Nf8 26. Nf1 Ng6 27. Ne3 Bxe3 28. fxe3 Rd7 29. Rf1 Nh5 30. Bh2 Qb6 31. Qf2 c5 32. Qf5 Re7 33. b3 Rf8 34. Rad1 Nf6 35. Bg3 Nh5 36. Be1 Nf6 37. Rd2 Ng8 38. Rd5 f6 39. Bg3 Rc7 40. Rfd1 N8e7 41. Rd7 Rxd7 42. Rxd7 Re8 43. Qe6 Qxe6 44. Bxe6 Kf8 45. Rxb7 Nc6 46. Bd7 Nd8 47. Bxe8 Nxb7 48. Bxg6 Nd6 49. c4 Ke7 50. Be1 Kf8 51. Bxa5 1-0


[Site "https://www.chess.com"]

[Event "Titled Tuesday Blitz September 13 Early 2022"]
[White "Xiong, Jeffery"]
[Black "Paravyan, David"]
[WhiteFideId "2047640"]
[BlackFideId "4194985"]
[WhiteElo "2714"]
[BlackElo "2555"]
[Result "1-0"]
[Round "07"]
[TimeControl "180+1"]
[Date "2022.09.13"]
[WhiteClock "0:01:14"]
[BlackClock "0:00:01"]

1. d4 Nf6 2. Nf3 g6 3. Nbd2 d5 4. b3 Bf5 5. Bb2 e6 6. e3 Nbd7 7. Be2 Bd6 8. Ne5 h5 9. c4 c6 10. O-O Ng4 11. Nef3 Ndf6 12. h3 Qe7 13. Ne5 Ne4 14. Nxe4 Bxe4 15. hxg4 hxg4 16. Bxg4 Qh4 17. f3 f5 18. Bh3 Qg5 19. Kh2 f4 20. Qe1 Bf5 21. exf4 Qxf4+ 22. Qg3 Qd2 23. Rf2 Qe3 24. f4 Qe4 25. Bc3 1-0


[Site "https://www.chess.com"]

[Event "Titled Tuesday Blitz September 13 Early 2022"]
[White "Bluebaum, Matthias"]
[Black "Bacrot, Etienne"]
[WhiteFideId "24651516"]
[BlackFideId "605506"]
[WhiteElo "2936"]
[BlackElo "2929"]
[Result "1-0"]
[Round "08"]
[TimeControl "180+1"]
[Date "2022.09.13"]
[WhiteClock "0:00:09"]
[BlackClock "0:00:10"]

1. d4 d5 2. c4 c6 3. Nf3 Nf6 4. Nc3 e6 5. Qc2 dxc4 6. e4 b5 7. Be2 Bb7 8. O-O Nbd7 9. b3 cxb3 10. axb3 Be7 11. e5 Nd5 12. Nxd5 exd5 13. Bd2 Nf8 14. b4 Ne6 15. Bc3 Qd7 16. Nd2 O-O 17. Bd3 g6 18. f4 f5 19. exf6 Bxf6 20. Nb3 Qg7 21. Qb2 Kh8 22. f5 gxf5 23. Bxf5 Ng5 24. Nc5 Bc8 25. Kh1 Bxf5 26. Rxf5 Rae8 27. Raf1 Bd8 28. Qb1 Ne4 29. Rxf8+ Rxf8 30. Nxe4 dxe4 31. d5 Bf6 32. Rxf6 Rxf6 33. Qa1 Kg8 34. Bxf6 Qf7 35. d6 e3 36. Qe5 e2 37. h3 e1=Q+ 38. Qxe1 Qxf6 39. Qe8+ Kg7 40. Qd7+ Kh6 41. Qxc6 Qf1+ 42. Kh2 Qf4+ 43. Kg1 Qd4+ 44. Kf1 Qd1+ 45. Kf2 Qd2+ 46. Kf3 Qd3+ 47. Kf4 Qd4+ 48. Kf5 Qd3+ 49. Ke6 Qc4+ 50. Qxc4 bxc4 51. d7 c3 52. d8=Q 1-0


[Site "https://www.chess.com"]

[Event "Titled Tuesday Blitz September 13 Early 2022"]
[White "Bykhovsky, Anatoly"]
[Black "Gabdrakhmanov, Azat"]
[WhiteFideId "2806991"]
[BlackFideId "34189197"]
[WhiteElo "2540"]
[BlackElo "2233"]
[Result "0-1"]
[Round "08"]
[TimeControl "180+1"]
[Date "2022.09.13"]
[WhiteClock "0:00:50"]
[BlackClock "0:00:05"]

1. Nf3 c5 2. g3 b6 3. Bg2 Bb7 4. O-O Nf6 5. c4 e6 6. Nc3 Be7 7. d4 cxd4 8. Qxd4 O-O 9. b3 Na6 10. Rd1 Qc8 11. Bb2 d6 12. Rac1 Rd8 13. h3 Nc5 14. g4 h6 15. b4 e5 16. Qe3 Ne6 17. Nd5 Bf8 18. Nxf6+ gxf6 19. Nh4 Bxg2 20. Kxg2 Qb7+ 21. Qf3 Nf4+ 22. Kg3 Qxf3+ 23. Kxf3 Nxh3 24. Nf5 Rac8 25. e3 Ng5+ 26. Ke2 a6 27. a4 d5 28. cxd5 Rxc1 29. Bxc1 Bxb4 30. Nxh6+ Kf8 31. Nf5 Ne4 32. Bb2 a5 33. f3 Nc5 34. Rh1 Ke8 35. Rh8+ Kd7 36. Rh7 Nxa4 37. Rxf7+ Kc8 38. Ba1 Rxd5 39. Rxf6 Rd2+ 40. Kf1 Rd1+ 41. Kg2 Rxa1 42. g5 Ra2+ 43. Kh3 Ra1 44. g6 Rg1 45. Ng3 Be1 46. Ne2 Rg5 47. f4 exf4 48. exf4 Rh5+ 49. Kg4 Rh2 50. Kf3 Rh3+ 51. Kg2 Rh4 52. Kf1 Bc3 53. Nxc3 Nxc3 54. g7 Rg4 55. Rf8+ Kd7 56. g8=Q Rxg8 57. Rxg8 Nd5 58. Rg4 Ne3+ 0-1


[Site "https://www.chess.com"]

[Event "Titled Tuesday Blitz September 13 Early 2022"]
[White "Costachi, Mihnea"]
[Black "Bortnyk, Olexandr"]
[WhiteFideId "1217518"]
[BlackFideId "14120828"]
[WhiteElo "2437"]
[BlackElo "2723"]
[Result "0-1"]
[Round "08"]
[TimeControl "180+1"]
[Date "2022.09.13"]
[WhiteClock "0:02:05"]
[BlackClock "0:01:41"]

1. e4 Nf6 2. Nc3 d5 3. exd5 Nxd5 4. Nf3 Nxc3 5. bxc3 g6 6. d4 Bg7 7. Be2 O-O 8. O-O c5 9. Be3 Qa5 10. Qd2 Rd8 11. Bg5 Nc6 12. d5 Bxc3 13. Qf4 Rxd5 14. Rad1 Rxd1 15. Rxd1 Be6 16. Bh6 Nd4 17. Nxd4 Bxd4 18. Bf3 Qxa2 19. h4 Qb2 20. Bxb7 Qxb7 21. Rxd4 cxd4 22. Qe5 Qb1+ 23. Kh2 Qb8 24. Bf4 Qxe5 0-1


[Site "https://www.chess.com"]

[Event "Titled Tuesday Blitz September 13 Early 2022"]
[White "Csonka, Balazs"]
[Black "Al-Tarboush, Ward"]
[WhiteFideId "742910"]
[BlackFideId "7601450"]
[WhiteElo "2404"]
[BlackElo "2234"]
[Result "1-0"]
[Round "08"]
[TimeControl "180+1"]
[Date "2022.09.13"]
[WhiteClock "0:00:08"]
[BlackClock "0:00:06"]

1. d4 b6 2. e4 Bb7 3. Bd3 e6 4. Nf3 c5 5. c3 Nf6 6. Qe2 Be7 7. O-O Nc6 8. a3 Na5 9. Nbd2 c4 10. Bc2 Qc7 11. Re1 h6 12. Rb1 d6 13. e5 Nd5 14. exd6 Bxd6 15. Ne4 Be7 16. Ne5 Bf6 17. Ba4+ Kd8 18. Nd6 Rf8 19. Nexf7+ Rxf7 20. Qxe6 Qe7 21. Nxf7+ Kc7 22. Bf4+ Nxf4 23. Qxe7+ Bxe7 24. Rxe7+ Kb8 25. Nd6 Bxg2 26. Rxg7 Bd5 27. Re1 Ne6 28. Re7 Nc7 29. f4 a6 30. f5 b5 31. Bc2 Nc6 32. f6 Nxe7 33. fxe7 Ra7 34. e8=Q+ Nxe8 35. Rxe8+ Kc7 36. Re7+ Kb8 37. Re8+ Kc7 38. Re7+ Kb8 39. Rxa7 Kxa7 40. Nf5 h5 41. Kf2 Kb6 42. h4 a5 43. Ke3 b4 44. Kf4 Kb5 45. Ne3 Bf7 46. Ke5 Be8 47. axb4 axb4 48. d5 Kc5 49. Be4 Kb5 50. d6 Ka4 51. Nxc4 bxc3 52. bxc3 Kb3 53. Nb6 Kxc3 54. d7 Bxd7 55. Nxd7 Kd2 56. Nf6 1-0


[Site "https://www.chess.com"]

[Event "Titled Tuesday Blitz September 13 Early 2022"]
[White "D`Arruda, Ricardo D."]
[Black "Wachinger, Guenther"]
[WhiteFideId "100692"]
[BlackFideId "4604261"]
[WhiteElo "2501"]
[BlackElo "2212"]
[Result "0-1"]
[Round "08"]
[TimeControl "180+1"]
[Date "2022.09.13"]
[WhiteClock "0:00:18"]
[BlackClock "0:00:41"]

1. d4 Nf6 2. Nf3 e6 3. g3 c5 4. Bg2 Nc6 5. O-O cxd4 6. Nxd4 Qb6 7. Nb3 d5 8. N1d2 Be7 9. c4 O-O 10. cxd5 exd5 11. Nf3 Bg4 12. Be3 Qa6 13. h3 Bh5 14. Nfd4 Bg6 15. a3 Rfd8 16. Nxc6 bxc6 17. Nc5 Bxc5 18. Bxc5 Ne4 19. Be3 Rab8 20. Qc1 Rdc8 21. b4 Qxe2 22. Bxa7 Ra8 23. Bd4 Qd3 24. Rd1 Qb3 25. Qb2 Qxb2 26. Bxb2 Nd6 27. a4 Nc4 28. Bd4 Bc2 29. Rdc1 Bxa4 30. Bf1 Bb5 31. Rxa8 Rxa8 32. Bxc4 Bxc4 33. g4 h6 34. Ra1 Re8 35. Be3 Re4 36. Rd1 Re8 37. Ra1 Kh7 38. Kg2 Kg6 39. Kg3 f5 40. gxf5+ Kxf5 41. Ra7 g5 42. Rc7 Bb5 43. Rh7 Kg6 44. Rd7 Re6 45. h4 gxh4+ 46. Kxh4 Re4+ 47. Kg3 Rxb4 48. Rd6+ Kf5 49. Rxh6 Rb1 50. Rh5+ Ke4 51. Rh4+ Kf5 52. Rf4+ Ke5 53. Bd4+ Ke6 54. Rf6+ Ke7 55. Rh6 Rg1+ 56. Kf4 Re1 57. Bc5+ Kf7 58. f3 Rc1 59. Bd6 Rc4+ 60. Kf5 Rc3 61. Rh7+ Kg8 62. Rc7 Rxf3+ 63. Kg6 Bd3+ 64. Kh6 Rf6+ 65. Kg5 Rxd6 0-1


[Site "https://www.chess.com"]

[Event "Titled Tuesday Blitz September 13 Early 2022"]
[White "Dimitrov, Atanas"]
[Black "Terry, Renato"]
[WhiteFideId "2901315"]
[BlackFideId "3803457"]
[WhiteElo "2748"]
[BlackElo "2577"]
[Result "0-1"]
[Round "08"]
[TimeControl "180+1"]
[Date "2022.09.13"]
[WhiteClock "0:00:01"]
[BlackClock "0:00:53"]

1. Nf3 Nf6 2. c4 b6 3. g3 Bb7 4. Bg2 g6 5. O-O Bg7 6. Nc3 O-O 7. b3 Ne4 8. Bb2 Nxc3 9. Bxc3 Bxc3 10. dxc3 c5 11. Qd2 Kg7 12. Rad1 d6 13. Rfe1 Qc7 14. e4 Nc6 15. h4 Rad8 16. h5 Bc8 17. Qf4 f6 18. hxg6 hxg6 19. Kf1 Rh8 20. Ke2 g5 21. Nxg5 e5 22. Qe3 fxg5 23. Qxg5+ Kf7 24. Rh1 Qe7 25. Qe3 Qf6 26. Bf3 Ke7 27. a3 Be6 28. Qd3 Rhf8 29. Qe3 Na5 30. Rh6 Qg7 31. Rdh1 Rh8 32. R6h4 Nxb3 33. Kd3 Na5 34. Kc2 Nxc4 35. Qc1 Rdf8 36. Rxh8 Rxh8 37. Rxh8 Qxh8 38. Qg5+ Qf6 39. Qh5 Nxa3+ 40. Kd3 Bf7 41. Qg4 b5 42. Ke2 b4 43. Qc8 Qe6 44. Qa6 Qc4+ 0-1


[Site "https://www.chess.com"]

[Event "Titled Tuesday Blitz September 13 Early 2022"]
[White "Donchenko, Alexander"]
[Black "Korchmar, Vasiliy"]
[WhiteFideId "24603295"]
[BlackFideId "24131750"]
[WhiteElo "2572"]
[BlackElo "2370"]
[Result "1-0"]
[Round "08"]
[TimeControl "180+1"]
[Date "2022.09.13"]
[WhiteClock "0:01:47"]
[BlackClock "0:00:01"]

1. Nf3 d5 2. g3 g6 3. Bg2 Bg7 4. d4 Nf6 5. O-O O-O 6. c4 c6 7. b3 Bf5 8. Bb2 a5 9. Nc3 Ne4 10. e3 Nxc3 11. Bxc3 Nd7 12. Qe2 a4 13. cxd5 cxd5 14. Qb5 axb3 15. axb3 Qb6 16. Qxb6 Nxb6 17. Bb4 Bf6 18. Ne5 Bc2 19. Bc5 Bxe5 20. Bxb6 Bf6 21. Bxd5 e6 22. Bc4 Be4 23. Rfc1 h5 24. h4 g5 25. hxg5 Bxg5 26. Kf1 Kg7 27. Ke2 Be7 28. f3 Bc6 29. e4 Bf6 30. Rh1 Rxa1 31. Rxa1 Rh8 32. b4 h4 33. gxh4 Rxh4 34. Rg1+ Kh7 35. b5 Bd7 36. Ke3 Rh5 37. d5 exd5 38. Bxd5 Bxb5 39. Bxf7 Rh6 40. Bc7 Be7 41. Bg8+ 1-0


[Site "https://www.chess.com"]

[Event "Titled Tuesday Blitz September 13 Early 2022"]
[White "Fernandez Guillen, Ernesto J."]
[Black "Sadhwani, Raunak"]
[WhiteFideId "3512428"]
[BlackFideId "35093487"]
[WhiteElo "2422"]
[BlackElo "2656"]
[Result "0-1"]
[Round "08"]
[TimeControl "180+1"]
[Date "2022.09.13"]
[WhiteClock "0:00:02"]
[BlackClock "0:00:11"]

1. e4 e5 2. Nf3 Nc6 3. d4 exd4 4. Bc4 Nf6 5. O-O d6 6. Nxd4 Be7 7. Nxc6 bxc6 8. Nc3 O-O 9. h3 Re8 10. f4 Bf8 11. Bd3 a5 12. Qf3 Bb7 13. Bd2 g6 14. Rae1 Bg7 15. e5 Nd7 16. Ne4 c5 17. Nf6+ Bxf6 18. Qxb7 dxe5 19. fxe5 Nxe5 20. Bc3 Bg7 21. Bb5 Rb8 22. Qa6 Re6 23. Rd1 Qg5 24. Qxa5 Reb6 25. Be2 Qe3+ 26. Rf2 Nc6 27. Qa4 Bxc3 28. bxc3 Qxc3 29. Qf4 Ne5 30. Rd5 Re8 31. Kh2 Rd6 32. Rxd6 cxd6 33. a4 Re6 34. Bb5 Kg7 35. Qg3 Qxg3+ 36. Kxg3 d5 37. a5 Re7 38. a6 Ra7 39. Re2 Kf6 40. Kf4 g5+ 41. Kg3 Ke6 42. Kf2 f6 43. Ke3 f5 44. Kd2 f4 45. c3 Kd6 46. Re1 h5 47. Ra1 Kc7 48. Kc2 Kb6 49. Be2 c4 50. Bxh5 Rxa6 51. Rb1+ Kc5 52. Rb2 Nd3 53. Rb8 Ra2+ 54. Kd1 Rxg2 55. Rc8+ Kd6 56. Rd8+ Ke5 57. Rxd5+ Kxd5 58. Bf3+ Ke5 59. Bxg2 Nf2+ 60. Ke2 Ne4 61. Kf3 Nxc3 62. Kg4 Nd5 63. Bf1 Ne3+ 0-1


[Site "https://www.chess.com"]

[Event "Titled Tuesday Blitz September 13 Early 2022"]
[White "Ginzburg, Yakov"]
[Black "Cardoso Cardoso, Jose Gabriel"]
[WhiteFideId "4157176"]
[BlackFideId "4430492"]
[WhiteElo "2265"]
[BlackElo "2485"]
[Result "0-1"]
[Round "08"]
[TimeControl "180+1"]
[Date "2022.09.13"]
[WhiteClock "0:00:04"]
[BlackClock "0:00:09"]

1. d4 Nf6 2. Nf3 e6 3. g3 d5 4. Bg2 Be7 5. O-O O-O 6. c4 c6 7. b3 b6 8. Bb2 Ba6 9. Nbd2 Nbd7 10. Qc2 Rc8 11. e4 c5 12. exd5 exd5 13. dxc5 Nxc5 14. Ng5 d4 15. Rad1 h6 16. Nge4 Nfxe4 17. Nxe4 Ne6 18. Bh3 f5 19. Nc3 Ng5 20. Bxf5 Bb7 21. f4 Bc5 22. b4 d3+ 23. bxc5 Qd4+ 24. Qf2 Rxf5 25. c6 Nh3+ 26. Kg2 Nxf2 27. cxb7 Rb8 28. Rxf2 Rxb7 29. Rfd2 Rd7 30. Nd5 Qxc4 31. Ne3 Qe4+ 32. Kf2 Rb5 33. Bc3 Rc5 34. Be5 Rxe5 35. fxe5 Rf7+ 36. Kg1 Qxe3+ 37. Kg2 Qe4+ 38. Kg1 Rf3 39. Kg2 Re3+ 40. Kh3 Qf5+ 41. Kh4 Re4+ 42. g4 Qxg4# 0-1


[Site "https://www.chess.com"]

[Event "Titled Tuesday Blitz September 13 Early 2022"]
[White "Gokerkan, Cem Kaan"]
[Black "Sarana, Alexey"]
[WhiteFideId "6336760"]
[BlackFideId "24133795"]
[WhiteElo "2364"]
[BlackElo "2689"]
[Result "1-0"]
[Round "08"]
[TimeControl "180+1"]
[Date "2022.09.13"]
[WhiteClock "0:00:26"]
[BlackClock "0:00:40"]

1. e4 c5 2. Nf3 d6 3. d4 Nf6 4. Nc3 cxd4 5. Nxd4 Nbd7 6. g4 Nc5 7. f3 h6 8. Be3 e6 9. h4 a6 10. Rg1 Qc7 11. g5 hxg5 12. hxg5 Nfd7 13. g6 Ne5 14. gxf7+ Qxf7 15. f4 Ng6 16. Qg4 Nh4 17. Qg3 Bd7 18. O-O-O O-O-O 19. Bc4 Rh5 20. f5 Be7 21. fxe6 Nxe6 22. Rgf1 Bf6 23. Nf5 Nxf5 24. exf5 Be5 25. Qg4 Rxf5 26. Rxf5 Qe8 27. Rxe5 dxe5 28. Ne4 Kb8 29. Rxd7 Rxd7 30. Qxe6 Qd8 31. Qxe5+ Ka8 32. Bd3 Qc8 33. Qc5 Qxc5 34. Nxc5 Rd5 35. Ne4 Rf5 36. Kd2 Rf3 37. Ke2 Rh3 38. Nf2 Rh2 39. Kf3 Rh8 40. a4 Rf8+ 41. Kg4 Re8 42. Bd4 Re7 43. b3 Rd7 44. Bb2 Rf7 45. Ne4 Re7 46. Kg5 Rf7 47. Kg6 Rf3 48. Kxg7 Rh3 49. Kf6 Rh1 50. Ke5 Rh5+ 51. Kd4 Rh4 52. Kc3 Rh3 53. Ba3 Rf3 54. Bc5 Rh3 55. a5 Rf3 56. Bb6 Rh3 57. Kd4 Rh4 58. Ke3 Rh3+ 59. Kd4 Rh4 60. Kc3 Rh3 61. Kb2 Rh4 62. Nc5 Kb8 63. Be4 Rh2 64. Nxb7 Re2 65. Nc5 1-0


[Site "https://www.chess.com"]

[Event "Titled Tuesday Blitz September 13 Early 2022"]
[White "Goltsev, Dmitry"]
[Black "Salem, A.R. Saleh"]
[WhiteFideId "24176710"]
[BlackFideId "9301348"]
[WhiteElo "2257"]
[BlackElo "2628"]
[Result "0-1"]
[Round "08"]
[TimeControl "180+1"]
[Date "2022.09.13"]
[WhiteClock "0:02:08"]
[BlackClock "0:01:33"]

1. e4 c5 2. Nf3 d6 3. d4 cxd4 4. Nxd4 Nf6 5. Nc3 a6 6. Be2 e5 7. Nb3 Be7 8. O-O O-O 9. f4 b5 10. a3 Bb7 11. Bf3 Nbd7 12. Be3 Rc8 13. Qd2 Nb6 14. Na5 Nc4 15. Nxc4 Rxc4 16. Qd3 Qa8 17. fxe5 dxe5 18. Nd5 Bxd5 19. exd5 e4 20. Bxe4 Rxe4 21. d6 Bd8 22. Bc5 Rg4 23. Qe2 Re8 24. Qf2 Re5 25. Bd4 Rf5 26. Qe2 Rxf1+ 27. Rxf1 Rxd4 28. Re1 Bb6 29. Kh1 Rxd6 30. Qe7 Rd2 0-1


[Site "https://www.chess.com"]

[Event "Titled Tuesday Blitz September 13 Early 2022"]
[White "Goryachkina, Aleksandra"]
[Black "Rustemov, Alexander"]
[WhiteFideId "4147103"]
[BlackFideId "4119002"]
[WhiteElo "2426"]
[BlackElo "2854"]
[Result "1/2-1/2"]
[Round "08"]
[TimeControl "180+1"]
[Date "2022.09.13"]
[WhiteClock "0:00:03"]
[BlackClock "0:00:05"]

1. e4 e6 2. d4 d5 3. Nc3 Bb4 4. exd5 exd5 5. Bd3 Nc6 6. Ne2 Nge7 7. O-O Bf5 8. Bg5 f6 9. Be3 Qd7 10. a3 Bxc3 11. Nxc3 Bxd3 12. Qxd3 O-O-O 13. Na4 Qf5 14. Qb3 b6 15. Rac1 Na5 16. Qb5 Qd7 17. Qa6+ Kb8 18. Nc3 Qc8 19. Qd3 Qf5 20. Qa6 c6 21. b3 Rhe8 22. Na4 Nc8 23. Nb2 g5 24. b4 Nb7 25. c4 dxc4 26. Qxc4 Ne7 27. a4 Qd5 28. Qc2 Qf5 29. Qxf5 Nxf5 30. Rxc6 Rd6 31. b5 Na5 32. Rxd6 Nxd6 33. Nd3 Ndc4 34. Re1 Kc8 35. Nb4 Kd7 36. Kf1 Nb3 37. d5 Re4 38. Nc6 Nxe3+ 39. Rxe3 Rxe3 40. fxe3 Kd6 41. Nxa7 Kxd5 42. Ke2 Nc5 43. Nc6 Nxa4 44. Kd3 Nc5+ 45. Kc3 Ne4+ 46. Kd3 Nd6 47. Nd4 Kc5 48. Ne6+ Kxb5 49. Kd4 Kc6 50. Nf8 b5 51. Nxh7 f5 52. Nxg5 b4 53. h4 Kb5 54. h5 Ne8 55. h6 Nf6 56. Kd3 Ka4 57. Kc2 Ka3 58. Kb1 Kb3 59. h7 Nxh7 60. Nxh7 Kc3 61. Nf6 Kd3 62. Nd5 Ke4 63. Nxb4 Kxe3 64. Nd5+ Kf2 65. Nf4 Kg3 66. Ne6 Kxg2 67. Kc2 Kf3 68. Kd3 Kg4 69. Ke3 f4+ 70. Nxf4 1/2-1/2


[Site "https://www.chess.com"]

[Event "Titled Tuesday Blitz September 13 Early 2022"]
[White "Grandelius, Nils"]
[Black "Koustav, Chatterjee"]
[WhiteFideId "1710400"]
[BlackFideId "25073060"]
[WhiteElo "2915"]
[BlackElo "2748"]
[Result "1/2-1/2"]
[Round "08"]
[TimeControl "180+1"]
[Date "2022.09.13"]
[WhiteClock "0:00:03"]
[BlackClock "0:00:07"]

1. d4 Nf6 2. c4 e6 3. Nc3 Bb4 4. Qc2 O-O 5. Bg5 h6 6. Bh4 c5 7. dxc5 Bxc5 8. e3 b6 9. Nf3 Bb7 10. Be2 Be7 11. O-O a6 12. Rfd1 d6 13. Rd2 Nbd7 14. Bg3 Nc5 15. Bh4 Rc8 16. Rad1 Nfe4 17. Bxe7 Qxe7 18. Nxe4 Nxe4 19. Rd4 d5 20. Ne5 b5 21. b3 Qc7 22. f4 Nd6 23. Qb2 Nf5 24. R4d3 bxc4 25. bxc4 Rb8 26. Rc3 Rfc8 27. Qc2 Qe7 28. cxd5 Nxe3 29. d6 Qd8 30. Rxc8 Rxc8 31. Qb3 Nxd1 32. Qxb7 Nc3 33. Qxf7+ Kh8 34. Ng6+ Kh7 35. Bd3 Qb6+ 36. Kf1 Qe3 37. Nf8+ Kh8 38. Ng6+ Kh7 39. Ne5+ Kh8 40. Ng6+ Kh7 1/2-1/2


[Site "https://www.chess.com"]

[Event "Titled Tuesday Blitz September 13 Early 2022"]
[White "Gurel, Ediz"]
[Black "Bachmann, Axel"]
[WhiteFideId "44507356"]
[BlackFideId "3700488"]
[WhiteElo "2955"]
[BlackElo "2868"]
[Result "1-0"]
[Round "08"]
[TimeControl "180+1"]
[Date "2022.09.13"]
[WhiteClock "0:00:08"]
[BlackClock "0:00:06"]

1. e4 Nc6 2. d4 d6 3. Nf3 Nf6 4. Nc3 g6 5. Bc4 Bg7 6. O-O Bg4 7. Be3 O-O 8. h3 Bxf3 9. Qxf3 e5 10. dxe5 Nxe5 11. Qe2 Nxc4 12. Qxc4 Re8 13. Rad1 Re6 14. Rfe1 Qd7 15. f3 Rae8 16. Bf2 a6 17. a4 Qc6 18. Qxc6 bxc6 19. Ne2 c5 20. Nf4 R6e7 21. Bh4 Rd7 22. b3 h6 23. Bf2 Rde7 24. Nd3 Nd7 25. Nf4 Nf6 26. Kf1 g5 27. Nd3 Nd7 28. h4 Bc3 29. Re2 Rb8 30. Be3 f6 31. Kf2 Nb6 32. hxg5 hxg5 33. Nc1 c4 34. Na2 Be5 35. Nb4 Ra8 36. Nc6 Rh7 37. a5 Nc8 38. bxc4 Ne7 39. Nxe7+ Rxe7 40. Rb1 Rh7 41. c5 Kf7 42. cxd6 Bxd6 43. Rb7 Ke6 44. Rd2 Rh1 45. c4 Ra1 46. c5 Be5 47. g3 Rxa5 48. f4 gxf4 49. gxf4 Bc3 50. Rc2 Ra3 51. Rxc7 Rh8 52. f5+ Ke5 53. Re7# 1-0


[Site "https://www.chess.com"]

[Event "Titled Tuesday Blitz September 13 Early 2022"]
[White "Halkias, Stelios"]
[Black "Zierk, Steven"]
[WhiteFideId "4201809"]
[BlackFideId "2034255"]
[WhiteElo "2453"]
[BlackElo "2494"]
[Result "0-1"]
[Round "08"]
[TimeControl "180+1"]
[Date "2022.09.13"]
[WhiteClock "0:00:14"]
[BlackClock "0:00:19"]

1. Nf3 Nf6 2. c4 g6 3. Nc3 Bg7 4. e4 d6 5. d4 O-O 6. Be2 Nbd7 7. Be3 e5 8. O-O Ng4 9. Bg5 f6 10. Bc1 f5 11. exf5 gxf5 12. dxe5 dxe5 13. Ng5 Nc5 14. Qxd8 Rxd8 15. b4 e4 16. bxc5 Bxc3 17. Rb1 Nf6 18. Rb3 Be5 19. Nh3 b6 20. c6 Be6 21. Nf4 Bf7 22. Rg3+ Bg6 23. h4 Bxf4 24. Bxf4 Kf7 25. Bxc7 Rdc8 26. Be5 Rxc6 27. h5 Bxh5 28. Bxh5+ Nxh5 29. Rg5 Nf6 30. Rxf5 Kg6 31. Rf4 Re8 32. Bxf6 Rxf6 33. Rg4+ Kf7 34. Rd1 Re7 35. Rg3 Rc6 36. Rd4 Kf6 37. Re3 Rce6 38. g3 Kf5 39. Kg2 Rc7 40. Rd5+ Re5 41. Rd4 h5 42. Kh3 Rce7 43. Kh4 Ra5 44. Rd5+ Rxd5 45. cxd5 Rd7 46. d6 Rxd6 47. Kxh5 Rd2 48. g4+ Kf4 49. g5 Rxf2 50. Rh3 e3 51. g6 e2 52. Rh4+ Kf5 53. g7 Rg2 0-1


[Site "https://www.chess.com"]

[Event "Titled Tuesday Blitz September 13 Early 2022"]
[White "Harsha Bharathakoti"]
[Black "Tari, Aryan"]
[WhiteFideId "5078776"]
[BlackFideId "1510045"]
[WhiteElo "2885"]
[BlackElo "2924"]
[Result "0-1"]
[Round "08"]
[TimeControl "180+1"]
[Date "2022.09.13"]
[WhiteClock "0:00:05"]
[BlackClock "0:00:10"]

1. Nf3 d5 2. e3 Nf6 3. c4 e6 4. Nc3 c5 5. cxd5 exd5 6. d4 Nc6 7. Bb5 cxd4 8. Nxd4 Bd7 9. O-O Bd6 10. Nf3 a6 11. Be2 Be6 12. b3 O-O 13. Bb2 Qe7 14. Rc1 Rad8 15. Nd4 Qc7 16. h3 Qd7 17. Na4 Ne4 18. Bg4 Bxg4 19. Qxg4 f5 20. Qe2 Nxd4 21. Bxd4 f4 22. Qh5 Rf5 23. Qg4 h5 24. Qf3 Nd2 25. Qe2 f3 26. Qxd2 Rg5 27. g4 Rxg4+ 28. Kh1 Rg1+ 0-1


[Site "https://www.chess.com"]

[Event "Titled Tuesday Blitz September 13 Early 2022"]
[White "Ibrahimli, Murad"]
[Black "Oparin, Grigoriy"]
[WhiteFideId "13410229"]
[BlackFideId "24125890"]
[WhiteElo "2863"]
[BlackElo "2954"]
[Result "0-1"]
[Round "08"]
[TimeControl "180+1"]
[Date "2022.09.13"]
[WhiteClock "0:00:04"]
[BlackClock "0:00:15"]

1. d4 Nf6 2. c4 e6 3. Nf3 Bb4+ 4. Nbd2 O-O 5. a3 Be7 6. e4 d6 7. Bd3 e5 8. O-O exd4 9. Nxd4 Re8 10. b3 Nc6 11. Bb2 Nxd4 12. Bxd4 Nd7 13. Ra2 Bf6 14. Be3 Ne5 15. Be2 Nc6 16. Re1 Bd4 17. Bf1 Qf6 18. h3 a5 19. Bxd4 Nxd4 20. Re3 Bd7 21. Nb1 c5 22. Nc3 Bc6 23. a4 Re7 24. Rd2 Rae8 25. Bd3 g6 26. Bb1 Kg7 27. Kh1 h5 28. Kg1 h4 29. Bc2 Re5 30. Bd3 Rg5 31. Be2 Qf4 32. Rxd4 cxd4 33. Qxd4+ Qe5 34. Rd3 Qxd4 35. Rxd4 Re6 36. f4 Rc5 37. Kf2 f5 38. exf5 gxf5 39. Bd3 Kf6 40. Nd1 Ke7 41. Ne3 Rxe3 42. Kxe3 Bxg2 43. Be2 Bxh3 44. Bf3 b6 45. Kf2 Bg4 46. Bd5 Rc8 47. Rd3 Re8 48. Re3+ Kd8 49. Rd3 Re2+ 50. Kg1 Rb2 51. Bg2 Kc7 52. Re3 Kd7 53. Rd3 Rc2 54. Bd5 h3 55. Kh1 Rf2 56. Rd4 Ke7 57. Bc6 Re2 58. Rd3 Rf2 59. Rd4 Rb2 60. Rd3 Rc2 61. Re3+ Kd8 62. Re8+ Kc7 63. Bd5 Rf2 64. Re7+ Kd8 65. Rb7 Rxf4 66. Rxb6 Ke7 67. Rb7+ Kf6 68. Ra7 Rf2 69. Rxa5 Kg5 70. Ra8 Kh4 71. Rh8+ Kg3 72. Kg1 h2+ 73. Rxh2 Rxh2 74. a5 Bh3 75. b4 Ra2 76. c5 Ra1# 0-1


[Site "https://www.chess.com"]

[Event "Titled Tuesday Blitz September 13 Early 2022"]
[White "Indjic, Aleksandar"]
[Black "Andreikin, Dmitry"]
[WhiteFideId "911925"]
[BlackFideId "4158814"]
[WhiteElo "2592"]
[BlackElo "2736"]
[Result "1-0"]
[Round "08"]
[TimeControl "180+1"]
[Date "2022.09.13"]
[WhiteClock "0:00:11"]
[BlackClock "0:00:37"]

1. e4 c5 2. Nc3 a6 3. g3 b5 4. Bg2 Bb7 5. Nh3 h5 6. O-O h4 7. g4 b4 8. Na4 e5 9. f4 Nc6 10. c3 a5 11. fxe5 Ba6 12. d4 Bxf1 13. Bxf1 bxc3 14. bxc3 cxd4 15. cxd4 Rb8 16. Be3 Nge7 17. Nf4 g6 18. Nd5 Nxd5 19. exd5 Nb4 20. d6 Nd5 21. Bd2 Bh6 22. Bxh6 Rxh6 23. Qd2 g5 24. Nc5 h3 25. a4 Rh4 26. Be2 Nf4 27. Rf1 Rb4 28. Rxf4 gxf4 29. Qxf4 Qa8 30. Ne4 Rxd4 31. Qg5 Kf8 32. Qxh4 Kg7 33. Qg5+ Kf8 34. Qh6+ 1-0


[Site "https://www.chess.com"]